Map: Blackburn LE

Players

Serral - Winner!

  • Race: Zerg Zerg

Bunny

  • Race: Terran Terran

Event: DreamHack SC2 Masters 2021 Fall

VOD

Have the link to the VOD?

Description

Time

  • Played on: Sept. 12, 2021, 9:16 a.m.
  • Length: 13:44

All games in this series

Show
View Real Time Build Order
Export as new Build Order

Serral Zerg - Winner!

Build Orders: Hatch First 

Get SALT Encoding   

  12  0:00  Drone  
  13  0:12  Overlord  
  13  0:17  Drone  
  14  0:30  Drone  
  14  0:31  Drone  
  16  0:48  Hatchery  
  15  0:51  Drone  
  15  0:55  Drone  
  17  0:58  Drone  
  18  1:09  Extractor  
  17  1:14  Spawning Pool  
  17  1:18  Drone  
  17  1:21  Drone  
  18  1:28  Drone  
  19  1:39  Drone  
  20  1:59  Overlord  
  20  2:01  Queen x2  
  20  2:02  Zergling x4  
  26  2:11  Drone x2  
  28  2:22  Drone x2  
  30  2:32  Drone  
  30  2:33  Drone  
  32  2:40  Queen  
  32  2:44  Overlord  
  34  2:49  Hatchery  
  34  2:50  Drone  
  34  2:54  Drone x2  
  36  3:01  Roach Warren  
  35  3:07  Drone x2  
  35  3:10  Drone x2  
  35  3:12  Drone  
  40  3:14  Drone  
  40  3:15  Drone  
  40  3:19  Drone  
  43  3:22  Overlord  
  43  3:28  Overlord  
  43  3:30  Overlord  
  49  3:41  Roach x4  
  49  3:46  Roach  
  53  3:49  Roach  
  53  3:50  Roach  
  53  3:51  Roach  
  53  3:55  Roach  
  61  3:58  Queen  
  63  4:03  Queen  
  63  4:07  Overlord  
  65  4:11  Drone x2  
  65  4:12  Drone  
  65  4:13  Drone  
  65  4:15  Drone  
  70  4:20  Drone x3  
  73  4:24  Overlord  
  73  4:26  Drone  
  73  4:27  Drone  
  73  4:28  Drone  
  76  4:31  Drone  
  76  4:32  Drone  
  76  4:37  Lair, Extractor  
  77  4:38  Drone  
  77  4:41  Drone  
  77  4:43  Drone x2  
  81  4:46  Drone  
  81  4:48  Overlord  
  81  4:51  Spore Crawler, Drone  
  81  4:52  Drone  
  83  4:58  Overlord  
  83  4:59  Drone x4  
  85  5:03  Drone x2  
  85  5:09  Roach  
  85  5:14  Roach x2, Extractor x2  
  85  5:15  Extractor  
  85  5:16  Extractor  
  85  5:19  Roach  
  85  5:20  Drone x3  
  90  5:24  Drone x3  
  90  5:26  Overlord  
  91  5:28  Drone  
  91  5:30  Ravager  
  91  5:33  Roach  
  93  5:38  Drone x4  
  93  5:39  Drone  
  98  5:46  Overseer  
  98  5:48  Metabolic Boost  
  98  5:49  Hatchery  
  97  5:50  Evolution Chamber, Drone x4  
  97  5:52  Evolution Chamber  
  97  5:53  Overlord  
  97  5:54  Overlord  
  99  5:58  Overlord  
  99  6:00  Overlord  
  99  6:03  Roach x2  
  103  6:04  Roach  
  105  6:12  Evolution Chamber x2  
  105  6:20  Roach x4  
  105  6:21  Roach  
  105  6:24  Zerg Ground Armor Level 1, Zerg Melee Weapons Level 1  
  115  6:29  Overlord  
  115  6:32  Drone  
  116  6:35  Roach  
  116  6:36  Roach, Glial Reconstitution  
  116  6:37  Zergling x6  
  116  6:38  Spore Crawler  
  122  6:44  Overlord, Infestation Pit, Drone  
  122  6:45  Baneling Nest, Drone  
  123  6:47  Drone x2  
  123  6:53  Drone x2  
  123  6:54  Drone  
  125  6:56  Overlord  
  125  6:57  Overlord  
  125  6:59  Overlord  
  125  7:02  Overlord  
  125  7:06  Drone  
  126  7:12  Overlord x2  
  126  7:13  Zergling x8  
  126  7:14  Zergling x6  
  133  7:16  Queen  
  133  7:18  Extractor x2  
  133  7:21  Drone  
  134  7:24  Infestor x2  
  134  7:26  Ravager x2  
  134  7:28  Drone x3  
  134  7:29  Drone x2  
  145  7:33  Overlord  
  145  7:35  Zergling x2  
  146  7:38  Hive, Centrifical Hooks  
  146  7:42  Zergling x4  
  146  7:51  Zergling x18  
  146  7:56  Drone  
  155  8:02  Zergling x2  
  155  8:03  Zergling x8  
  159  8:07  Overlord  
  159  8:09  Zergling x8  
  159  8:12  Overlord  
  163  8:15  Hatchery  
  163  8:17  Ravager, Baneling  
  163  8:18  Baneling x5  
  163  8:21  Zergling x16  
  163  8:24  Overlord  
  171  8:29  Zerg Ground Armor Level 2, Zerg Melee Weapons Level 2  
  171  8:39  Zergling x2  
  171  8:40  Zergling x12  
  174  8:51  Viper x2  
  174  8:52  Adrenal Glands  
  174  8:53  Ultralisk Cavern  
  174  8:55  Zergling x18  
  188  9:05  Baneling x2  
  188  9:06  Baneling x3  
  188  9:14  Spore Crawler, Zergling x12  
  188  9:16  Spore Crawler  
  190  9:19  Zergling x20  
  190  9:20  Zergling x2  
  198  9:35  Drone  
  196  9:45  Chitinous Plating  
  195  9:54  Baneling x7  
  193  10:07  Hatchery  
  193  10:09  Baneling x6  
  193  10:13  Ultralisk  
  196  10:18  Zergling x6  
  197  10:34  Burrow  
  195  10:38  Overlord  
  195  10:40  Pneumatized Carapace  
  195  10:42  Baneling x16  
  191  10:53  Ultralisk x2  
  191  11:11  Ultralisk Cavern  
  191  11:15  Ultralisk  
  191  11:16  Ultralisk  
  195  11:30  Zergling x24  
  180  11:49  Zergling x32  
  180  11:50  Zergling x22  
  189  11:56  Zergling x10  
  189  11:57  Drone x3  
  189  11:58  Anabolic Synthesis  
  186  12:05  Zergling x4  
  186  12:06  Zergling x22  
  182  12:10  Baneling x4  
  182  12:11  Baneling x11  
  182  12:17  Overseer, Baneling x21  
  182  12:20  Spire, Drone  
  182  12:27  Ravager x4  
  182  12:28  Zergling x26  
  199  12:30  Hatchery  
  155  12:45  Zergling x2  
  155  12:46  Zergling x24  
  165  12:55  Ultralisk x2, Zergling x10  
  168  13:05  Viper  
  168  13:06  Viper  
  168  13:10  Zergling x14  
  181  13:18  Baneling x12  
  181  13:19  Ravager x4  
  186  13:20  Ravager  
  186  13:25  Zergling x18  
Show
View Real Time Build Order
Export as new Build Order

Bunny Terran 

Build Orders: Reaper Expand 

Get SALT Encoding   

  12  0:00  SCV  
  13  0:12  SCV  
  14  0:17  Supply Depot  
  14  0:24  SCV  
  15  0:38  SCV  
  15  0:41  Barracks  
  16  0:43  Refinery  
  16  0:51  SCV  
  17  1:03  SCV  
  18  1:15  SCV  
  19  1:28  Reaper, Orbital Command  
  20  1:40  Command Center  
  20  1:52  Supply Depot  
  20  1:54  SCV  
  21  2:00  Marine  
  22  2:06  SCV  
  23  2:09  Factory  
  23  2:18  SCV  
  23  2:19  Refinery  
  23  2:22  Barracks Reactor  
  24  2:30  SCV  
  25  2:42  SCV  
  26  2:52  Orbital Command  
  26  2:54  SCV  
  26  2:55  Starport  
  27  3:03  Hellion x2  
  31  3:07  SCV, Barracks Tech Lab  
  32  3:18  SCV  
  32  3:19  SCV  
  34  3:23  Supply Depot  
  34  3:25  Hellion x2  
  38  3:31  Viking  
  38  3:32  SCV x2  
  42  3:44  SCV x2  
  44  3:50  Supply Depot  
  44  3:56  SCV x2  
  46  4:08  SCV x2  
  46  4:09  Banshee  
  48  4:12  Barracks Tech Lab  
  48  4:14  Command Center  
  51  4:20  SCV x2  
  53  4:32  SCV x2  
  53  4:33  Marine, Barracks, Stimpack  
  53  4:35  Barracks  
  56  4:40  Supply Depot  
  56  4:41  Factory Reactor  
  56  4:44  SCV  
  57  4:48  Supply Depot  
  57  4:50  Supply Depot  
  56  5:04  Starport Reactor  
  54  5:09  SCV x2  
  54  5:10  Marine  
  57  5:16  Supply Depot  
  57  5:22  SCV x2  
  57  5:25  Engineering Bay  
  57  5:26  Engineering Bay  
  57  5:27  Orbital Command  
  59  5:34  SCV x2  
  61  5:39  Marine x3  
  61  5:40  Siege Tank  
  67  5:43  Refinery x2  
  67  5:46  SCV, Supply Depot  
  67  5:48  Marine x2  
  70  5:59  Terran Infantry Armor Level 1, Terran Infantry Weapons Level 1, Orbital Command  
  70  6:00  SCV  
  70  6:01  SCV  
  72  6:04  Marine x3  
  72  6:06  Marine x2  
  77  6:12  Siege Tank  
  77  6:13  SCV  
  77  6:14  SCV  
  77  6:16  Combat Shield  
  80  6:21  Supply Depot x2  
  80  6:23  Medivac  
  80  6:25  SCV  
  83  6:26  SCV  
  83  6:28  SCV  
  83  6:32  Medivac  
  87  6:33  Marine  
  87  6:34  Marine x4  
  87  6:37  SCV  
  93  6:40  SCV x2  
  93  6:41  Supply Depot  
  93  6:44  Siege Tank  
  98  6:49  SCV  
  98  6:52  Barracks, SCV x2  
  98  6:53  Barracks  
  101  7:01  SCV, Medivac  
  104  7:02  Medivac  
  104  7:04  SCV x2  
  104  7:07  Marine  
  104  7:08  Marine x4  
  110  7:15  Supply Depot  
  110  7:16  Armory  
  110  7:18  Siege Tank  
  110  7:19  SCV x3  
  116  7:25  Marine  
  116  7:29  Marauder, Marine x3  
  122  7:31  SCV  
  122  7:32  SCV x2  
  122  7:34  Refinery  
  122  7:35  Supply Depot  
  122  7:37  Supply Depot, Medivac  
  125  7:38  Medivac  
  125  7:43  Marine, SCV, Barracks Reactor x2  
  131  7:52  Marauder  
  131  7:56  Supply Depot  
  131  7:57  Marine x3, Supply Depot, Siege Tank  
  131  7:58  Supply Depot, Refinery  
  139  8:01  Marine  
  139  8:03  SCV x3  
  138  8:13  Marine  
  138  8:14  Marine x3  
  138  8:19  Marine  
  145  8:22  Command Center  
  145  8:24  Supply Depot  
  145  8:25  Terran Infantry Weapons Level 2, Terran Infantry Armor Level 2  
  141  8:27  Terran Vehicle Weapons Level 1  
  141  8:31  Supply Depot  
  141  8:32  Marauder  
  143  8:40  Marine x7  
  143  8:41  Marine  
  150  8:42  Concussive Shells  
  150  8:43  SCV x3  
  150  8:47  Siege Tank  
  156  8:56  Sensor Tower  
  156  8:59  Factory  
  156  9:02  Marauder  
  158  9:06  Marine x8  
  164  9:24  Marine x7, Marauder  
  166  9:28  Barracks  
  166  9:29  Liberator  
  175  9:31  Barracks  
  175  9:32  Barracks  
  175  9:33  Liberator  
  178  9:44  SCV x3  
  180  9:46  Marauder  
  180  9:50  Planetary Fortress  
  180  9:52  Factory Tech Lab  
  182  9:53  Siege Tank  
  182  9:56  Marine  
  186  10:02  Marine  
  186  10:03  Marine x6  
  189  10:07  Marine  
  189  10:13  Marine  
  186  10:14  Refinery  
  186  10:18  Siege Tank, Command Center  
  189  10:21  Medivac  
  189  10:22  Medivac  
  189  10:25  Siege Tank  
  193  10:30  Marauder  
  193  10:33  SCV x4  
  199  10:42  Terran Vehicle Weapons Level 2  
  199  10:44  Refinery, Ghost Academy  
  199  10:45  SCV, Barracks Tech Lab x3  
  199  10:46  Sensor Tower  
  196  11:16  Siege Tank x2  
  195  11:23  Liberator x2  
  195  11:24  Ghost x2  
  200  11:30  Command Center  
  191  11:33  Command Center  
  191  11:38  Command Center  
  182  11:48  Siege Tank x2  
  182  11:51  Ghost x2  
  182  11:52  Marine x8, Ghost x2  
  158  12:08  SCV x4  
  154  12:09  Planetary Fortress  
  154  12:10  Marine  
  156  12:20  Siege Tank, SCV  
  156  12:21  Marauder x3  
  156  12:22  Marauder  
  168  12:23  Refinery  
  168  12:24  Refinery  
  168  12:28  Marine x7  
  168  12:29  Marine  
  172  12:37  Siege Tank  
  172  12:41  Marine  
  172  12:42  Marine x3  
  147  12:46  Marine x7  
  147  12:47  Marine  
  134  12:52  Siege Tank  
  134  12:57  Orbital Command  
  130  12:59  Marine  
  130  13:00  Marauder, Marine x2  
  130  13:03  Marine, SCV x3  
  130  13:04  Marine  
  129  13:06  Orbital Command  
  127  13:14  Orbital Command  
  127  13:15  SCV x3  
  130  13:25  SCV  
  136  13:31  SCV x3  
  136  13:32  SCV x2  

Tags
 
Add a new tag
Caveats
  • Supply blocks, unpowered buildings, or Contaminate may cause inaccurate times.
  • Supply counts are checked every 10 seconds.